AoeStats
← Nils

Arabia

508918240Analyzed
3v3 RM · 9d ago on Sep 24, 2026· 46m 32s· 6 players
Game mode
Random Map
Map size
Normal (6 player)
Population
200
Speed
Normal
Resources
Standard
Victory
Conquest
Starting age
Dark Age
Ending age
Imperial Age
RankedLock teamsTeams togetherTeam positionsShared explorationLock speedFull tech treeHidden civsTurbo modeCheats
Victory
Defeat
🇩🇪 Malians · Germany
1045
+5
🇩🇪 Byzantines · Germany
764
+24
🇩🇪 Britons · Germany
695
+15
🇳🇱 Byzantines · Netherlands
773
-14
🇮🇹 Japanese · Italy
735
-11
🇨🇳 Inca · China
622
-8
Daan
10:39 Loom
13:17 Feudal Age
13:47 Double-Bit Axe
13:45 Horse Collar
15:57 Arson
17:16 Stone Mining
26:21 Castle Age
27:17 Bow Saw
26:29 Pikeman
27:09 Squires
30:45 Wheelbarrow
30:04 Gold Mining
29:50 Elite Skirmisher
31:50 Stone Shaft Mining
33:12 Hand Cart
36:33 Husbandry
35:59 Crossbowman
45:18 Imperial Age
43:11 Scale Barding Armor
43:06 Scale Mail Armor
43:07 Padded Archer Armor
42:57 Fletching
43:17 Forging
44:31 Fortified Wall
psycho93
0:30 Loom
14:09 Feudal Age
15:29 Wheelbarrow
14:44 Double-Bit Axe
16:22 Horse Collar
17:41 Stone Mining
20:54 Fishing Lines
22:36 Gold Mining
26:09 Castle Age
25:29 Forging
25:20 Scale Mail Armor
26:29 Arson
27:10 Hand Cart
27:15 Bow Saw
26:30 Pikeman
27:12 Squires
26:57 Gambesons
28:43 Iron Casting
28:25 Chain Mail Armor
28:58 Town Watch
32:31 Fletching
33:15 Fortified Wall
37:33 Imperial Age
35:52 Gold Shaft Mining
35:27 Caravan
35:40 Yasama
35:48 Padded Archer Armor
35:44 Bodkin Arrow
36:33 Treadmill Crane
37:39 Leather Archer Armor
38:19 Ballistics
38:13 Heavy Plow
38:50 Conscription
39:48 Murder Holes
42:17 Gillnets
43:57 Chemistry
44:05 Bloodlines
43:55 Husbandry
45:00 Two-Man Saw
45:11 Blast Furnace
44:42 Plate Mail Armor
44:52 Crossbowman
46:14 Halberdier
47:23 Kataparuto
止春山
14:10 Feudal Age
14:49 Champi Runner
15:16 Arson
15:27 Arson
16:09 Double-Bit Axe
16:10 Horse Collar
18:29 Wheelbarrow
27:13 Castle Age
30:19 Pikeman
30:20 Champi Warrior
31:01 Squires
32:30 Hand Cart
35:56 Bow Saw
35:49 Heavy Plow
35:44 Gold Mining
43:35 Imperial Age
41:20 Andean Sling
43:43 Halberdier
44:02 Elite Champi Warrior
45:29 Gold Shaft Mining
44:48 Stone Mining
45:33 Crop Rotation
svelehe
15:15 Feudal Age
15:40 Horse Collar
15:50 Double-Bit Axe
16:00 Gold Mining
16:01 Stone Mining
21:50 Wheelbarrow
26:26 Castle Age
31:07 Hand Cart
31:07 Caravan
34:10 Imperial Age
33:39 Gold Shaft Mining
40:22 Elite Cataphract
Mavto
7:01 Loom
9:28 Feudal Age
13:53 Forging
20:41 Castle Age
19:58 Scale Barding Armor
19:55 Gold Mining
19:54 Double-Bit Axe
19:52 Horse Collar
21:57 Wheelbarrow
22:22 Iron Casting
22:01 Bloodlines
23:05 Heavy Plow
23:25 Bow Saw
27:06 Chain Barding Armor
27:27 Town Watch
30:03 Hand Cart
36:47 Imperial Age
35:52 Husbandry
36:29 Ballistics
37:17 Town Patrol
39:46 Crop Rotation
39:20 Farimba
39:41 Conscription
40:01 Caravan
41:46 Chemistry
41:29 Plate Barding Armor
40:18 Cavalier
42:04 Elite Gbeto
45:17 Masonry
45:30 Guilds
47:06 Scale Mail Armor
46:57 Fletching
Nils
0:26 Loom
13:46 Feudal Age
16:28 Double-Bit Axe
18:20 Horse Collar
19:52 Gold Mining
19:53 Stone Mining
24:22 Castle Age
23:19 Forging
23:10 Scale Mail Armor
25:20 Pikeman
28:33 Squires
28:19 Arson
29:32 Padded Archer Armor
29:22 Fletching
30:08 Iron Casting
29:49 Chain Mail Armor
31:16 Heated Shot
31:29 Murder Holes
32:39 Bow Saw
43:05 Imperial Age
42:21 Fortified Wall
42:45 Ballistics
42:48 Leather Archer Armor
42:30 Bodkin Arrow
42:59 Bodkin Arrow
46:17 Chemistry
45:55 Ring Archer Armor
45:26 Bracer
45:57 Plate Mail Armor
46:28 Blast Furnace
46:16 Halberdier
Connection lost

Rejoining the realm…

Still unreachable

The connection could not be restored.

Session expired

The server has moved on; the page needs a fresh start.